 Dungeon Crawl Stone Soup version 0.18.1-50-g88ac8fd (webtiles) character file.

32 Gargoyl the Skirmisher (level 3, -1/29 HPs)
             Began as a Demonspawn Abyssal Knight on Oct 26, 2016.
             Was a Follower of Lugonu.
             Slain by Terence
             ... wielding a +0 short sword of draining
              (3 damage)
             ... on level 2 of the Dungeon.
             The game lasted 00:02:18 (1796 turns).

Gargoyl the Skirmisher (Demonspawn Abyssal Knight)  Turns: 1796, Time: 00:02:19

Health: -1/29      AC:  3    Str: 13    XL:     3   Next: 8%
Magic:  5/5        EV: 10    Int: 13    God:    Lugonu [*.....]
Gold:   64         SH: 10    Dex: 17    Spells: 0 memorised, 2 levels left

rFire  + . .     SeeInvis .     a - +1 hand axe
rCold  + + .     Gourm    .     b - +0 leather armour
rNeg   . . .     Faith    .     d - +0 large shield
rPois  +         Spirit   .     (no helmet)
rElec  +         Dismiss  .     (no cloak)
rCorr  +         Reflect  .     (no gloves)
SustAt .         Harm     .     (no boots)
MR     .....                    (no amulet)
Stlth  ++........               (no ring)
                                (no ring)

@: agile, resistant, heavily drained, not resistant to hostile enchantments,
unstealthy
A: cold resistance 1
a: Depart the Abyss, Renounce Religion


You were on level 2 of the Dungeon.
You worshipped Lugonu.
Lugonu was aware of your devotion.
You were not hungry.

You visited 1 branch of the dungeon, and saw 2 of its levels.
You visited the Abyss 1 time.

You collected 64 gold pieces.

Inventory:

Hand Weapons
 a - a +1 hand axe (weapon)
Missiles
 k - 2 javelins (quivered)
Armour
 b - a +0 leather armour (worn)
 d - a +0 large shield (worn)
Jewellery
 o - a cursed ring of teleportation {unknown}
Scrolls
 g - a scroll of remove curse
 h - 2 scrolls of identify {unknown}
 i - a scroll of blinking {unknown}
 j - 2 scrolls of random uselessness {unknown}
 l - a scroll of amnesia {unknown}
Comestibles
 c - 2 bread rations


   Skills:
 + Level 3.4(1.1) Fighting
 + Level 1.9(0.0) Axes
 * Level 2.2(0.0) Armour
 + Level 1.1(0.0) Dodging
 + Level 0.3(0.0) Shields
 * Level 2.9(0.7) Invocations


You had 2 spell levels left.
You didn't know any spells.

Dungeon Overview and Level Annotations

Branches:
Dungeon (2/15)

Altars:

Annotations:
D:2 Terence


Innate Abilities, Weirdness & Mutations

Your flesh is cold resistant.


Message History

You feel agile all of a sudden. Terence hits you but does no damage.
You feel drained.
Drink which item? (? for menu, Esc to quit)
It was a potion of curing.
You feel better.
Terence hits you with a short sword of draining.
You feel drained.
You barely miss Terence.
Terence is lightly wounded.
You block Terence's attack.
Terence hits you with a short sword of draining!
* * * LOW HITPOINT WARNING * * *
You feel drained.
* * * LOW HITPOINT WARNING * * *
Okay, then.
Okay, then.
Read which item? (? for menu, Esc to quit)
As you read the scroll labeled PIKEYPYLUM, it crumbles to dust.
You feel blessed for a moment.
It was a scroll of remove curse.
Terence hits you with a short sword of draining.
You die...

### ..# ##.## .# ... .#
#.# ####.# #@# #....# #
#@######## .....# #.
####sw.......
.....#####.##............
...#..................###
..................###.#
...#######.##.##.## #
...## ###.##)##.# ....#
#......##.#


You could see Terence, a worm and a giant cockroach.

Vanquished Creatures
  A worm (D:2)
  A dart slug (D:1)
  3 giant cockroaches (D:1)
  2 hobgoblins (D:1)
  2 jackals (D:1)
  4 bats (D:1)
  A giant newt (D:1)
  6 goblins
  A kobold (D:1)
  4 rats
25 creatures vanquished.

Notes
Turn   | Place    | Note
--------------------------------------------------------------
     0 | Abyss:1  | Gargoyl the Demonspawn Abyssal Knight began the quest for the Orb.
     0 | Abyss:1  | Reached XP level 1. HP: 18/18 MP: 2/2
     5 | Abyss:1  | Found a corrupted altar of Lugonu.
    47 | Abyss:2  | Noticed a smoke demon
    77 | Abyss:2  | Noticed a small abomination
    86 | D:1      | Escaped the Abyss
   569 | D:1      | Reached skill level 1 in Dodging
   599 | D:1      | Gained mutation: Your flesh is cold resistant. [demonic ancestry]
   599 | D:1      | Reached XP level 2. HP: 17/24 MP: 4/4
   935 | D:1      | Reached * piety under Lugonu
  1519 | D:2      | Reached XP level 3. HP: 10/29 MP: 5/5
  1778 | D:2      | Noticed Terence
  1796 | D:2      | Slain by Terence

Skill      XL: |  1 |
---------------+----+-----
Dodging        | 1 |  1.1
Armour         | 2 |  2.2
Fighting       | |  3.4
Axes           | |  1.9
Shields        | |  0.3
Invocations    | |  2.9

Action                   || total
-------------------------++-------
Melee: Hand axe          ||    93
Invok: Depart the Abyss  ||     1
  Use: Potion            ||     3
       Scroll            ||     1
  Eat: Chunk             ||     3
Armor: Leather armour    ||    38
Dodge: Dodged            ||    31
Block: Large shield      ||    68
